 Dungeon Crawl Stone Soup version 0.28-a0-544-g207b005307 (webtiles) character file.

Game seed: 7387017836719266223

439 IndexError the Chiller (level 7, -1/36 HPs)
             Began as a Gargoyle Ice Elementalist on Sept 28, 2021.
             Slain by an ogre (24 damage)
             ... on level 4 of the Dungeon.
             The game lasted 00:08:16 (4083 turns).

IndexError the Chiller (Gargoyle Ice Elementalist)  Turns: 4083, Time: 00:08:16

Health: -1/36      AC:  7    Str: 11    XL:     7   Next: 1%
Magic:  11/13      EV: 11    Int: 18    God:
Gold:   116        SH:  0    Dex: 10    Spells: 7/14 levels left

rFire   . . .      SeeInvis .   g - +2 dagger (holy)
rCold   . . .      Faith    .   (no shield)
rNeg    + . .      Spirit   .   c - +0 leather armour
rPois   ∞          Reflect  .   (no helmet)
rElec   +          Harm     .   (no cloak)
rCorr   .          Rampage  .   (no gloves)
Will    +....                   (no boots)
Stlth   ++........              j - amulet of magic regeneration
HPRegen 0.12/turn               k - +4 ring of slaying
MPRegen 0.38/turn               l - ring of willpower

@: no status effects
A: sickness immunity, AC +4, negative energy resistance 1, electricity
resistance, torment resistance 1, petrification resistance
a: no special abilities


You were on level 4 of the Dungeon.
You visited 1 branch of the dungeon, and saw 4 of its levels.

You collected 116 gold pieces.

Inventory:

Hand Weapons
 g - a +2 dagger of holy wrath (weapon)
   (You took it off a goblin on level 1 of the Dungeon)
Missiles
 h - 2 javelins (quivered)
Armour
 a - a +0 robe
 c - a +0 leather armour (worn)
   (You found it on level 1 of the Dungeon)
 n - a +1 buckler
   (You found it on level 2 of the Dungeon)
Magical Staves
 v - a staff of conjuration {!a}
   (You found it on level 3 of the Dungeon)
Jewellery
 j - an amulet of magic regeneration (around neck)
   (You found it on level 2 of the Dungeon)
 k - a +4 ring of slaying (left hand)
   (You found it on level 2 of the Dungeon)
 l - a ring of willpower (right hand)
   (You found it on level 2 of the Dungeon)
 q - a ring of protection from fire {rF+, !d}
   (You found it on level 2 of the Dungeon)
 s - a ring of flight {+Fly, !d}
   (You found it on level 4 of the Dungeon)
Scrolls
 b - a scroll of amnesia
 e - a scroll of fog
 i - a scroll of magic mapping {unknown}
 o - a scroll of fear {unknown}
 r - a scroll of enchant armour
 x - a scroll of identify
Potions
 d - 2 potions of attraction {!q}
 f - a potion of curing {unknown}
 m - a potion of haste {unknown}
 p - a potion of magic {unknown}
 t - a potion of brilliance
 u - a potion of flight {unknown}
 w - a potion of heal wounds


   Skills:
 - Level 1.5 Dodging
 - Level 2.1 Stealth
 + Level 4.1 Spellcasting
 * Level 7.0 Ice Magic


You had 7 spell levels left.
You knew the following spells:

 Your Spells              Type           Power      Damage    Failure   Level
a - Freeze                Ice            100%       1d11      1%          1
b - Frozen Ramparts       Ice            58%        1d7       3%          3
A - Ozocubu's Armour      Ice            29%        N/A       3%          3

Your spell library contained the following spells:

 Spells                   Type           Power      Damage    Failure   Level
 Hailstorm                Conj/Ice       16%        3d6       41%         4


Dungeon Overview and Level Annotations

Branches:
Dungeon (4/15)
 Temple: D:4-7

Altars:
Fedhas
Trog
The Shining One

Annotations:
D:4 2 runed translucent doors, WhatIsLove's ghost, amateur SpGl


Innate Abilities, Weirdness & Mutations

You are immune to sickness and miasma.
Your stone body is resilient. (AC +4)
You are immune to poison.
You resist negative energy. (rN+)
You are resistant to electric shocks. (rElec)
You are resistant to unholy torment.
You are immune to petrification.


Message History

You now have 8/13 mp.
Things that are here:
a quokka corpse; an iguana corpse; Health restored: 36; MP restored: 13 A goblin comes into view.
It is wielding a +0 dagger.
The goblin shouts!
You see here a potion of attraction {!q}.
d - 2 potions of attraction {!q} (gained 1)
The goblin hits you but does no damage.
You puncture the goblin!
No target in view!
No target in view!
Okay, then.
Things that are here:
a +0 dagger; a goblin corpse A kobold comes into view.
It is wielding a +0 short sword.
The kobold moves out of view.
You enter the shallow water.
Moving in this stuff is going to be slow.
The kobold shouts!
You hear a shout!
A goblin comes into view. It is wielding a +0 club.
There are no items here.
There are no items here.
You completely miss the kobold.
The kobold splashes around in the water.
You hit the kobold.
You hear a splash. x2
No target in view!
No target in view!
The goblin barely misses you.
You barely miss the goblin. The goblin hits you but does no damage.
You closely miss the goblin. The goblin barely misses you.
You hit the goblin.
You hear a splash.
No target in view!
No target in view!
You enter the shallow water.
Moving in this stuff is going to be slow.
x - a scroll of identify
Things that are here:
a +0 club; a +0 short sword; a goblin corpse WhatIsLove's ghost turns its malevolent gaze towards you.
You open the door.
There is an open door here.
You see here 23 bolts.
You now have 116 gold pieces (gained 13).
You enter the shallow water.
Moving in this stuff is going to be slow.
You enter the shallow water.
Moving in this stuff is going to be slow.
You enter the shallow water.
Moving in this stuff is going to be slow.
You see here 14 arrows.
A hobgoblin comes into view. It is wielding a +0 dagger.
The hobgoblin shouts!
The hobgoblin moves out of view.
You hit the hobgoblin.
The hobgoblin splashes around in the water.
You barely miss the hobgoblin. The hobgoblin barely misses you.
You closely miss the hobgoblin. The hobgoblin completely misses you.
You hit the hobgoblin but do no damage.
The hobgoblin splashes around in the water.
You hit the hobgoblin.
The hobgoblin hits you with a +0 dagger.
You take 1 damage, and have 35/36 hp.
You barely miss the hobgoblin. The hobgoblin misses you.
You puncture the hobgoblin!
You hear a splash.
No target in view!
You enter the shallow water.
Moving in this stuff is going to be slow.
You see here a +0 dagger.
A kobold comes into view. It is wielding a +0 club.
Health restored: 36 A kobold is nearby!
A kobold is nearby!
The kobold shouts!
You hear a bellow!
An ogre comes into view. It is wielding a +0 giant club.
The ogre shouts!
You puncture the kobold!
You hear a splash.
You enter the shallow water.
Moving in this stuff is going to be slow.
Things that are here:
a +0 club; a kobold corpse
Casting: Freeze (safe; 1% risk of failure)
Confirm with . or Enter, or press ? or * to list all spells.
Aiming: Freeze (safe; 1% risk of failure)
Press: ? - help, Shift-Dir - straight line, f - ogre
Aim: an ogre, wielding a +0 giant club You freeze the ogre!
The ogre hits you with a +0 giant club!
You take 13 damage, and have 23/36 hp.
MASSIVE DAMAGE!!
You now have 12/13 mp.
Casting: Freeze (safe; 1% risk of failure)
Confirm with . or Enter, or press ? or * to list all spells.
Aiming: Freeze (safe; 1% risk of failure)
Press: ? - help, Shift-Dir - straight line, f/p - ogre
Aim: an ogre, wielding a +0 giant club (moderately wounded)
You freeze the ogre!
The ogre hits you with a +0 giant club!!
Ouch! That really hurt!
You die...

###### #♣♣♣♣P♣ ##.....#≈♣P≈≈≈♣
##..P♣..≈≈≈≈≈≈≈≈
#..♣≈≈..........
#..≈≈≈≈≈.≈≈≈≈≈≈≈≈
##..♣≈≈≈≈≈.≈≈≈≈≈≈≈≈
##..♣≈≈≈P≈≈.≈≈≈≈≈≈≈≈
..♣≈≈≈≈≈≈≈.)≈P♣ ♣♣≈P#
#.≈P≈≈≈≈≈≈≈@OP♣♣ ....
#.♣♣P≈≈≈≈≈≈.≈≈♣ . #...
#.♣♣≈≈≈≈≈≈≈.≈≈♣♣ ..#..Y #.#
♣♣≈≈≈≈≈.≈≈≈♣ ........ #.#
♣≈≈≈≈≈.≈≈≈♣♣ ........ #.#
♣♣≈≈≈≈.≈≈≈≈≈≈ (....... #.#
♣P≈PP.≈≈≈≈≈P♣ ......##
#.####♣♣≈≈≈.≈≈≈≈≈≈♣♣........
####......≈)≈≈.≈≈≈≈≈P≈≈§§..##..


You could see an ogre.

Vanquished Creatures
  A necrophage (D:4)
  An ogre (D:4)
  A bullfrog zombie (D:3)
  An orc priest (D:3)
  An iguana (D:4)
  Ijyb (D:3)
  An orc wizard (D:3)
  4 adders
  An ufetubus (D:4)
  4 dart slugs
  3 orcs (D:3)
  5 ball pythons
  6 bats
  5 endoplasms
  2 giant cockroaches
  8 hobgoblins
  9 jackals
  6 kobolds
  4 quokkas
  6 frilled lizards
  7 goblins
  4 rats
81 creatures vanquished.

Vanquished Creatures (others)
  47 plants (D:4)
47 creatures vanquished.

Grand Total: 128 creatures vanquished

Notes
Turn   | Place    | Note
-------+----------+-------------------------------------------
     0 | D:1      | IndexError the Gargoyle Ice Elementalist began the quest
                  | for the Orb.
     0 | D:1      | Reached XP level 1. HP: 10/10 MP: 3/3
   184 | D:1      | Reached XP level 2. HP: 11/15 MP: 1/5
   414 | D:1      | Found a faded altar of an unknown god.
   694 | D:1      | Reached XP level 3. HP: 19/19 MP: 3/6
   891 | D:1      | Learned a level 3 spell: Frozen Ramparts
  1435 | D:2      | Reached skill level 5 in Ice Magic
  1438 | D:2      | Reached XP level 4. HP: 24/24 MP: 4/8
  1453 | D:2      | Learned a level 3 spell: Ozocubu's Armour
  2229 | D:3      | Noticed Ijyb
  2339 | D:3      | Reached skill level 3 in Spellcasting
  2365 | D:3      | Reached XP level 5. HP: 28/28 MP: 3/9
  2598 | D:3      | Killed Ijyb
  2599 | D:3      | Reached skill level 6 in Ice Magic
  2977 | D:3      | Found a blossoming altar of Fedhas.
  3201 | D:4      | Noticed a yak
  3201 | D:4      | Noticed a yak
  3201 | D:4      | Noticed a necrophage
  3303 | D:4      | Killed a necrophage
  3304 | D:4      | Reached XP level 6. HP: 14/32 MP: 11/11
  3486 | D:4      | Found a glowing golden altar of the Shining One.
  3598 | D:4      | Reached skill level 4 in Spellcasting
  3622 | D:4      | Found a bloodstained altar of Trog.
  3653 | D:4      | Reached skill level 7 in Ice Magic
  3655 | D:4      | Reached XP level 7. HP: 11/36 MP: 8/13
  3906 | D:4      | Found a large runed translucent door.
  3906 | D:4      | Found a large runed translucent door.
  3907 | D:4      | Noticed WhatIsLove's ghost (amateur SpGl)
  4083 | D:4      | Slain by an ogre

Illustrated notes

Levels and vault maps discovered:
D:1:      dpeg_arrival_tiny_j, layout_loops_ring, basic_ecumenical_altar,
          amethyst_killhole
D:2:      kennysheep_big_flooded_room, layout_basic, minmay_vboxes
D:3:      layout_basic, lemuel_tele_altar, uniq_ijyb
D:4:      minmay_diamond_boxcup, layout_cave_pools, lightli_temple_of_fire,
          mainiacjoe_overflow_boulevard, ebering_ghost_disaster_area,
          serial_bayou, serial_bayou_lagoon_a, serial_bayou_lagoon_b,
          serial_bayou_ford_a, serial_bayou_pond_e, kennysheep_nondescript

Skill      XL: |  1  2  3  4  5  6 |
---------------+-------------------+-----
Ice Magic      | 5 6 7 |  7.0
Spellcasting   | 3 4 |  4.1
Dodging        | |  1.5
Stealth        | |  2.1

Action                   |  1- 3 |  4- 6 |  7- 9 || total
-------------------------+-------+-------+-------++-------
Melee: Unarmed           |    13 |       |       ||    13
       Club              |    13 |       |       ||    13
       Dagger            |    81 |    86 |    14 ||   181
Throw: Javelin           |       |     2 |       ||     2
 Cast: Freeze            |    12 |     5 |     2 ||    19
       Frozen Ramparts   |     2 |     5 |       ||     7
       Ozocubu's Armour  |       |     4 |       ||     4
  Use: Scroll            |       |     8 |       ||     8
 Stab: Sleeping          |     4 |       |       ||     4
Armor: Leather armour    |    35 |    34 |     2 ||    71
       Robe              |     2 |       |       ||     2
Dodge: Dodged            |    69 |    53 |     5 ||   127

Table legend: (Time is in decaauts)
 A = Elapsed time spent in this place.
 B = Non-inter-level travel time spent in this place.
 C = Inter-level travel time spent in this place.
 D = Time resting spent in this place.
 E = Time spent auto-exploring this place.
 F = Levels seen in this place.
 G = Mean time per level.
                   A        B        C        D        E       F      G
               +--------+--------+--------+--------+--------+-----+--------+
         Total |   4109 |   3664 |    445 |      0 |   3029 |   4 | 1027.2 |
       Dungeon |   4109 |   3664 |    445 |      0 |   3029 |   4 | 1027.2 |
               +--------+--------+--------+--------+--------+-----+--------+

Top non-repeatable levels by time:
     D:1: 1175 daAuts
     D:2: 1139 daAuts
     D:3: 945 daAuts
     D:4: 849 daAuts

Table legend:
 A = Kills in this place as a percentage of kills in entire the game.
 B = Kills by you in this place as a percentage of kills by you in the entire game.
 C = Kills by friends in this place as a percentage of kills by friends in the entire game.
 D = Other kills in this place as a percentage of other kills in the entire game.
 E = Experience gained in this place as a percentage of experience gained in the entire game.
 F = Experience gained in this place divided by the number of levels of this place that you have seen.
                   A       B       C       D       E      F
               +-------+-------+-------+-------+-------+----------------------
         Total | 100.0 | 100.0 |   N/A |   N/A | 100.0 | 157.0
       Dungeon | 100.0 | 100.0 |   N/A |   N/A | 100.0 | 157.0
               +-------+-------+-------+-------+-------+----------------------
